 Dungeon Crawl Stone Soup version 0.31-a0-1620-gcbf77bbcfc (webtiles) character file.

Game seed: 17645938950779133288

10 Ge0ff the Changeling (level 2, 0/21 HPs)
             Began as a Merfolk Shapeshifter on Jan 10, 2024.
             Frozen to death by an endoplasm (2 damage)
             ... on level 1 of the Dungeon.
             The game lasted 00:00:56 (339 turns).

Ge0ff the Changeling (Merfolk Shapeshifter)          Turns: 339, Time: 00:00:57

Health: 0/21       AC:  3    Str: 14    XL:     2   Next: 20%
Magic:  2/2        EV: 12    Int:  9    God:
Gold:   73         SH:  0    Dex: 13    Spells: 1/1 levels left

rFire   + .          .
                       - Unarmed
rCold   + . .        (no shield)
rNeg    . . .        X - +0 leather armour
rPois   +            (helmet currently unavailable)
rElec   +            (cloak currently unavailable)
rCorr   +            (gloves currently unavailable)
SInv    .            (boots currently unavailable)
Will    .....        (no amulet)
Stlth   +            (no ring)
HPRegen 0.23/turn    (no ring)
MPRegen 0.08/turn

%: no passive effects
@: beast-form, resistant, hasted, very quick
A: beast (slay +2), (nimble swimmer 2), mertail
a: Begin Untransformation


You were on level 1 of the Dungeon.
You were a hulking beast.
You visited 1 branch of the dungeon, and saw 1 of its levels.

You collected 73 gold pieces.

Inventory:

Hand Weapons
 R - a +0 spear
 S - a +2 mace of protection
Missiles
 M - 11 stones (quivered)
Armour
 a - a +0 animal skin
 X - a +0 leather armour (worn)
Magical Staves
 P - a staff of air
Talismans
 c - a beast talisman
 d - a flux talisman
Scrolls
 N - a scroll of identify {unknown}
 U - a scroll of amnesia {unknown}
 V - a scroll of revelation {unknown}
 W - a scroll of blinking {unknown}
Potions
 L - a potion of lignification
 O - a potion of heal wounds {unknown}
 Q - a potion of invisibility {unknown}


   Skills:
 + Level 1.6 Fighting
 - Level 2.6 Dodging
 + Level 3.5 Unarmed Combat
 + Level 4.2 Shapeshifting


You had one spell level left.
You didn't know any spells.
Your spell library contained the following spells:

 Spells                   Type           Power      Damage    Failure   Level
 Summon Ice Beast         Ice/Summ       0%         N/A       83%         3
 Summon Mana Viper        Hex/Summ       0%         N/A       100%        5
 Monstrous Menagerie      Summ           0%         N/A       100%        7


Dungeon Overview and Level Annotations

Branches:
Dungeon (1/15) Zot: 5663

Altars:


Innate Abilities, Weirdness & Mutations

You are a hulking beast.
Your limbs bulge with bestial killing power. (Slay +2)
((You are very nimble when in or above water. (Stealth+, EV+, Speed+++)))
Your lower body shifts to a powerful aquatic tail in water.


Message History

You hit the bat.
The bat is moderately wounded.
The bat hits you but does no damage. The bat misses you.
You hit the bat.
You kill the bat!
The bat hits you but does no damage.
You hit the bat.
You kill the bat!
An endoplasm and a goblin come into view.
The endoplasm quivers.
The goblin shouts!
The endoplasm freezes you.
You are frozen.
The goblin hits you with a +0 club.
You hit the endoplasm.
The endoplasm is moderately wounded.
The endoplasm freezes you.
You are frozen.
The goblin hits you but does no damage.
You are too injured to fight recklessly!
You are too injured to fight recklessly!
You barely miss the endoplasm.
The endoplasm is moderately wounded.
The endoplasm hits you but does no damage.
The goblin hits you with a +0 club.
You are too injured to fight recklessly!
You are too injured to fight recklessly!
You are too injured to fight recklessly!
You hit the endoplasm.
The endoplasm is severely wounded.
The endoplasm freezes you.
You are frozen.
* * * LOW HITPOINT WARNING * * *
The goblin misses you.
You completely miss the endoplasm.
The endoplasm is severely wounded.
The endoplasm freezes you.
You are frozen.
* * * LOW HITPOINT WARNING * * *
The goblin closely misses you.
You barely miss the endoplasm.
The endoplasm is severely wounded.
The endoplasm hits you.
* * * LOW HITPOINT WARNING * * *
The goblin closely misses you.
It was a potion of resistance.
You feel protected. The endoplasm closely misses you.
The goblin barely misses you.
It was a potion of haste.
You feel yourself speed up. The endoplasm freezes you.
You are frozen.
You resist.
You die...

##### ....# ## ....# ..# ....#
###########..# # ....#
#............# ## ....#
#...........# ##. #...#
#...........# #.. ##..####
#......hJ...# #..
#.....###.......g...... ####..
#.###..##...........##.####..#..
#..................## .##.......
##......##.......#####.##.......
#....#.##.......###............
##.....##.##........#.###......
#####.#......#......##..##.......
.........#...#.#.......##...###..


You could see an endoplasm and a goblin.

Vanquished Creatures
  2 giant cockroaches (D:1)
  A goblin (D:1)
  A hobgoblin (D:1)
  4 bats (D:1)
  A frilled lizard (D:1)
  A kobold (D:1)
10 creatures vanquished.

Notes
Turn   | Place    | Note
-------+----------+-------------------------------------------
     0 | D:1      | Ge0ff the Merfolk Shapeshifter began the quest for the Orb.
     0 | D:1      | Reached XP level 1. HP: 15/15 MP: 1/1
   210 | D:1      | Reached XP level 2. HP: 20/21 MP: 2/2
   337 | D:1      | HP: 1/21 [endoplasm (1)]
   339 | D:1      | Frozen to death by an endoplasm

Illustrated notes

Levels and vault maps discovered:
D:1:      lightli_arrival_flooded_house, layout_rooms

Action                     || total
---------------------------++-------
  Melee: Unarmed           ||    31
         Punch             ||     2
    Use: Potion            ||     2
 Armour: Animal skin       ||    11
         Leather armour    ||    10
  Dodge: Dodged            ||    27

Table legend: (Time is in decaauts)
 A = Elapsed time spent in this place.
 B = Non-inter-level travel time spent in this place.
 C = Inter-level travel time spent in this place.
 D = Time resting spent in this place.
 E = Time spent auto-exploring this place.
 F = Levels seen in this place.
 G = Mean time per level.
                   A        B        C        D        E       F      G
               +--------+--------+--------+--------+--------+-----+--------+
         Total |    336 |    336 |      0 |      0 |    194 |   1 |  336.0 |
       Dungeon |    336 |    336 |      0 |      0 |    194 |   1 |  336.0 |
               +--------+--------+--------+--------+--------+-----+--------+

Top non-repeatable levels by time:
     D:1: 336 daAuts
